 Dungeon Crawl Stone Soup version 0.22.1-2-g9c5b331 (webtiles) character file.

124366 sanboga the Severer (level 16, -6/110 HPs)
             Began as a Gargoyle Berserker on Dec 3, 2018.
             Was the Champion of Trog.
             Mangled by a spriggan rider
             ... wielding the +8 trident "Aden" {freeze, rPois}
              (10 damage)
             ... on level 3 of the Swamp.
             The game lasted 00:51:34 (29005 turns).

sanboga the Severer (Gargoyle Berserker)           Turns: 29005, Time: 00:51:34

Health: -6/110     AC: 47    Str: 28    XL:     16   Next: 93%
Magic:  16/16      EV:  9    Int: 12    God:    Trog [******]
Gold:   2159       SH:  0    Dex:  9    Spells: 15/15 levels left

rFire    . . .     SeeInvis +   s - +0 executioner's axe (flame)
rCold    + . .     Gourm    +   (shield currently unavailable)
rNeg     + . .     Faith    .   E - +6 plate armour of Forking Paths {+Blink rPois Int+4}
rPois    ∞         Spirit   .   M - +1 helmet
rElec    +         Reflect  .   l - +2 cloak
rCorr    .         Harm     .   g - +2 pair of gloves
MR       +....                  x - +0 pair of boots
Stlth    ..........             H - amulet of the gourmand
HPRegen  0.28/turn              y - ring of protection from cold
MPRegen  0.15/turn              m - ring of see invisible

@: about to teleport, berserk cooldown, flying, slowed, very slow
A: big wings, negative energy resistance 1, electricity resistance, unbreathing,
petrification resistance, rot immunity, AC +12
a: Stop Flying, Berserk, Trog's Hand, Brothers in Arms, Renounce Religion, Evoke
Blink


You were on level 3 of the Swamp.
You worshipped Trog.
Trog was exalted by your worship.
You were near starving.

You visited 4 branches of the dungeon, and saw 26 of its levels.
You also visited: Labyrinth and Volcano.

You collected 2754 gold pieces.
You spent 595 gold pieces at shops.

Inventory:

Hand Weapons
 s - a +0 executioner's axe of flaming (weapon)
Armour
 g - a +2 pair of gloves (worn)
 l - a +2 cloak (worn)
 x - a +0 pair of boots (worn)
 E - the +6 plate armour of Forking Paths (worn) {+Blink rPois Int+4}
   (You took it off an orc warrior on level 10 of the Dungeon)

   It affects your intelligence (+4).
   It protects you from poison.
   It lets you blink.
 M - a +1 helmet (worn)
Jewellery
 m - a ring of see invisible (right hand)
 q - the ring of Tenaqer {rF- rC+ MR+ AC+2}
   (You found it on level 4 of the Lair of Beasts)

   [ring of protection]

   It affects your AC (+2).
   It makes you vulnerable to fire.
   It protects you from cold.
   It affects your resistance to hostile enchantments.
 y - a ring of protection from cold (left hand)
 H - an amulet of the gourmand (around neck)
Wands
 d - a wand of paralysis (11)
 e - a wand of random effects (106)
 j - a wand of acid (21)
 p - a wand of disintegration (22)
 u - a wand of flame (119)
 B - a wand of enslavement (22)
 F - a wand of polymorph (29)
 I - a wand of iceblast (5)
 K - a wand of scattershot (4)
Scrolls
 a - 7 scrolls of magic mapping
 h - 15 scrolls of remove curse
 k - a scroll of summoning
 o - a scroll of blinking
 t - a scroll of fog
 v - 2 scrolls of enchant armour
 w - 3 scrolls of teleportation
 D - 5 scrolls of fear
 L - 3 scrolls of enchant weapon
Potions
 b - 2 potions of resistance
 f - 4 potions of might
 i - 4 potions of heal wounds
 n - 6 potions of agility
 z - 4 potions of curing
 A - 2 potions of haste
 C - 4 potions of mutation
 G - 2 potions of invisibility
Comestibles
 c - 41 rations


   Skills:
 + Level 16.0 Fighting
 * Level 18.5 Axes
 + Level 15.9 Armour
 - Level 1.5 Dodging


You had 15 spell levels left.
You didn't know any spells.
Your spell library was empty.

Dungeon Overview and Level Annotations

Branches:
Dungeon (15/15)            Temple (0/1) D:7            Lair (6/6) D:10
  Swamp (3/4) Lair:2        Snake (0/4) Lair:4        Slime (0/5) Lair:5
    Orc (2/2) D:10            Elf (0/3) Orc:2        Vaults (0/5) D:14
 Depths (0/5) D:15

Altars:
Cheibriados
Elyvilon
Hepliaklqana
Kikubaaqudgha
Nemelex Xobeh
Qazlal
Trog
Vehumet
Yredelemnul
Beogh

Shops:
D:4 [   D:9 }*!   Orc:2 !((*


Innate Abilities, Weirdness & Mutations

You are resistant to torment.
Your stone body is resilient. (AC +12)
You are immune to poison.
Your large and strong wings let you fly indefinitely.
You resist negative energy. (rN+)
You are resistant to electric shocks. (rElec)
You can survive without breathing.
You are immune to petrification.
You are immune to rotting.


Message History

Your stone giant closely misses the spriggan druid.
You hit the spriggan druid. You burn the spriggan druid.
With its final breath, the spriggan druid offers up its power to the beasts of The six-headed hydra seems to grow more fierce.
You kill the spriggan druid!
Trog accepts your kill.
Trog appreciates your killing of a magic user.
Your stone giant barely misses the spriggan rider.
The spriggan rider hits you but does no damage.
Your stone giant barely misses the spriggan rider.
You feel a strong urge to attack something.
You are no longer berserk.
Trog's vigour flows through your veins.
You are exhausted.
You feel yourself slow down.
Your stone giant hits the spriggan rider!!
As you read the scroll of teleportation, it crumbles to dust.
You feel strangely unstable.
The spriggan rider hits you from afar with an encrusted trident {freeze}!
You die...

≈.≈♣ ♣♣♣
.§.♣♣♣♣♣♣♣♣♣♣♣♣♣♣≈♣♣
♣♣≈.≈≈.≈♣♣≈...≈≈..≈≈♣ ♣
♣♣.≈.....♣♣...≈≈≈.≈≈≈♣♣♣
♣≈.≈≈..≈.♣♣≈...≈...§..≈♣
.♣.≈≈≈.≈§≈♣..≈....♣...≈≈≈
......≈≈≈♣ ♣♣.≈≈≈..♣♣♣.≈
...♣♣≈@≈♣ ♣.≈≈≈..≈♣♣♣.
### #$♣..≈.♣♣
♣≈≈≈....≈♣♣≈ ....
♣..≈ii.♣♣♣......≈.♣♣♣
.≈≈≈♣♣≈)C..♣...≈≈≈≈≈.♣♣ ♣
♣...))....§.♣..≈.♣♣
♣♣#⌠†..⌠#♣♣.♣♣≈.≈♣
♣.♣##D##♣.♣≈♣♣♣♣♣≈♣ ♣
♣.♣..n.♣)♣♣≈. ♣♣♣♣♣
♣♣...♣...♣♣.≈♣ ♣♣.≈≈


You could see a six-headed hydra, 2 spriggan riders, a bog body and a friendly
stone giant (berserk).

Vanquished Creatures
  Gastronok (Lair:2)
  A thorn hunter (Swamp:2)
  Azrael (D:14)
  A minotaur (Lab)
  A fire dragon (Lair:6)
  Fannar (D:12)
  4 ice dragons
  10 hydras
  8 alligators
  6 centaur warriors
  7 two-headed ogres
  A tengu warrior (D:14)
  The ghost of slowcore the Covert, a novice FoMo of Cheibriados (D:8)
  9 death yaks
  3 orc high priests (Orc:2)
  Nergalle (Lair:1)
  A fire crab (Volcano)
  A shadow wraith (D:14)
  3 spriggan druids
  2 unseen horrors
  A deep elf archer (D:13)
  6 swamp dragons
  4 shambling mangroves
  5 orc knights
  3 lindwurms
  2 ugly things
  5 orc sorcerers (Orc:2)
  A deep elf mage (D:13)
  A salamander (shapeshifter) (D:15)
  A manticore (Lair:4)
  3 cyclopes
  2 black mambas
  6 torpor snails (Lair:6)
  7 elephants (Lair:4)
  2 molten gargoyles (Volcano)
  A centaur zombie (D:15)
  12 spiny frogs
  A kobold demonologist (D:12)
  7 komodo dragons
  2 rime drakes
  A freezing wraith (D:15)
  2 tengu conjurers
  2 polar bears
  8 trolls
  3 meliai (D:15)
  A merfolk (D:12)
  19 hornets
  15 tyrant leeches
  16 slime creatures
  13 blink frogs
  4 bog bodies
  4 dream sheep (Lair:6)
  Grinder (D:4)
  9 hippogriffs
  A wyvern (D:11)
  A vampire (D:15)
  4 spriggans
  4 fire elementals (D:14)
  A human (D:6)
  2 wraiths
  5 shadows
  6 fire bats (Volcano)
  34 yaks
  A hog (shapeshifter) (D:15)
  2 steam dragons
  A basilisk (Lair:6)
  4 hungry ghosts
  21 vampire mosquitoes
  12 insubstantial wisps
  2 nagas (Lair:4)
  10 swamp worms
  Edmund (D:4)
  2 wargs (Orc:1)
  5 acid dragons
  5 hell hounds
  5 porcupines
  9 water moccasins
  Duvessa (D:5)
  46 orc warriors
  5 swamp drakes
  A sky beast (D:15)
  4 ice beasts
  An eye of draining (D:10)
  13 ogres
  A phantom (D:9)
  2 black bears
  12 wolves
  A necrophage (D:8)
  16 centaurs
  19 crocodiles
  5 big kobolds
  A wyvern zombie (D:11)
  14 bullfrogs
  Dowan (D:5)
  A wyvern skeleton (D:14)
  10 scorpions
  12 killer bees
  4 wights (D:13)
  A howler monkey (D:8)
  7 lava snakes (Volcano)
  6 crimson imps
  4 jellies
  A quasit (D:9)
  5 hounds
  31 orc priests
  2 bullfrog skeletons
  A bullfrog zombie (D:12)
  21 orc wizards
  3 centaur skeletons
  A hell rat (Lair:6)
  5 iguanas
  9 worker ants
  2 hound zombies
  4 hound skeletons
  A worker ant zombie (D:10)
  4 gnolls
  3 howler monkey skeletons
  12 adders
  3 river rats (Lair:6)
  3 shadow imps
  2 oozes (D:4)
  An adder zombie (D:6)
  2 adder skeletons (D:6)
  8 worms
  2 dart slugs
  5 leopard geckos
  99 orcs
  8 giant cockroaches
  5 goblins
  8 hobgoblins
  9 jackals
  3 quokkas
  A ball python (D:1)
  7 bats
  8 frilled lizards
  A goblin skeleton (D:6)
  A jackal zombie (D:6)
  27 kobolds
  A leopard gecko zombie (D:6)
  12 rats
  7 fungi
  17 plants
904 creatures vanquished.

Vanquished Creatures (collateral kills)
  The ghost of Vasic the Warrior, an adept MiBe of Trog (Swamp:3)
  An orc warlord (Orc:2)
  The ghost of Nuggoin the Nimble, a journeyman HaSk of Wu Jian (Lair:4)
  The ghost of xDrFeelgood the Blocker, a journeyman FoFi of Hepliaklqana (D:10)
  An orc high priest (Orc:2)
  A spriggan druid (Swamp:3)
  An orc sorcerer (Orc:2)
  A spriggan (Swamp:3)
  A warg (Orc:2)
  4 orc warriors
  2 orc priests
  7 orcs
22 creatures vanquished.

Vanquished Creatures (others)
  A tengu conjurer (D:15)
  A spriggan (Swamp:1)
  An orc priest (Orc:2)
  3 orcs (Orc:2)
  15 fungi
  19 plants
40 creatures vanquished.

Grand Total: 966 creatures vanquished

Notes
Turn   | Place    | Note
-------+----------+-------------------------------------------
     0 | D:1      | sanboga the Gargoyle Berserker began the quest for the Orb.
     0 | D:1      | Reached XP level 1. HP: 14/14 MP: 1/1
   351 | D:1      | Reached skill level 3 in Axes
   351 | D:1      | Reached XP level 2. HP: 17/19 MP: 2/2
   476 | D:1      | Reached XP level 3. HP: 21/23 MP: 3/3
   601 | D:1      | Reached ** piety under Trog
  1000 | D:2      | Found a hazy altar of Hepliaklqana.
  1044 | D:2      | Reached XP level 4. HP: 9/29 MP: 4/4
  1543 | D:2      | Found a radiant altar of Vehumet.
  1747 | D:3      | Reached skill level 4 in Axes
  1807 | D:3      | Reached XP level 5. HP: 33/33 MP: 5/5
  1843 | D:3      | Found a sparkling altar of Nemelex Xobeh.
  1854 | D:3      | Reached *** piety under Trog
  2894 | D:4      | Noticed Grinder
  2899 | D:4      | Paralysed by Grinder for 4 turns
  2929 | D:4      | Killed Grinder
  2929 | D:4      | Reached skill level 5 in Axes
  2929 | D:4      | Reached XP level 6. HP: 8/40 MP: 6/6
  3236 | D:4      | Found Haerud Zoddu's Armour Shop.
  3269 | D:4      | Noticed Edmund
  3276 | D:4      | Killed Edmund
  3276 | D:4      | Reached skill level 5 in Fighting
  3276 | D:4      | Reached XP level 7. HP: 44/44 MP: 7/7
  3779 | D:5      | Entered Level 5 of the Dungeon
  3944 | D:5      | Found a stormy altar of Qazlal.
  3997 | D:5      | Noticed Duvessa
  3997 | D:5      | Noticed Dowan
  4026 | D:5      | Killed Duvessa
  4026 | D:5      | Reached skill level 6 in Axes
  4026 | D:5      | Reached skill level 5 in Armour
  4029 | D:5      | Killed Dowan
  4029 | D:5      | Reached XP level 8. HP: 51/51 MP: 8/8
  4769 | D:6      | Found a runed door.
  4790 | D:6      | Found a basalt altar of Yredelemnul.
  4804 | D:6      | Reached skill level 7 in Axes
  5031 | D:6      | Reached **** piety under Trog
  5409 | D:6      | Reached XP level 9. HP: 43/56 MP: 9/9
  5438 | D:6      | Found an ancient bone altar of Kikubaaqudgha.
  5661 | D:6      | Found a white marble altar of Elyvilon.
  5735 | D:7      | Reached skill level 8 in Axes
  5889 | D:7      | Found a staircase to the Ecumenical Temple.
  6085 | D:7      | You fall through a shaft for 2 floors!
  6095 | D:9      | Reached ***** piety under Trog
  6238 | D:9      | Found a basalt altar of Yredelemnul.
  6285 | D:9      | Found Cuip's Assorted Antiques.
  6290 | D:9      | Bought a scroll labeled TAEKUMATSIEC for 22 gold pieces
  6290 | D:9      | Bought 2 glowing emerald potions for 39 gold pieces
  6290 | D:9      | Bought a potion of haste for 220 gold pieces
  6400 | D:9      | Reached skill level 9 in Axes
  6451 | D:9      | Found Loufay's Gadget Boutique.
  6703 | D:7      | Reached XP level 10. HP: 64/64 MP: 10/10
  7177 | D:8      | Found a stormy altar of Qazlal.
  7178 | D:8      | Found a snail-covered altar of Cheibriados.
  7324 | D:8      | Found a runed gate.
  7324 | D:8      | Found a runed gate.
  7328 | D:8      | Found a runed gate.
  7329 | D:8      | Noticed slowcore's ghost (novice FoMo)
  7449 | D:8      | Killed slowcore's ghost
  7449 | D:8      | Reached skill level 10 in Axes
  7515 | D:8      | Received a gift from Trog
  7776 | D:9      | Found Timus's Distillery.
  7779 | D:9      | Bought a potion of mutation for 120 gold pieces
  8256 | D:10     | Entered Level 10 of the Dungeon
  8340 | D:10     | Noticed a death yak
  8341 | D:10     | Noticed a death yak
  8342 | D:10     | Found a staircase to the Lair.
  8342 | D:10     | Noticed a death yak
  8342 | D:10     | Noticed a death yak
  8342 | D:10     | Noticed a death yak
  8370 | D:9      | Killed a death yak
  8510 | D:9      | Killed a death yak
  8510 | D:9      | Reached skill level 11 in Axes
  8510 | D:9      | Reached XP level 11. HP: 72/72 MP: 11/11
  8511 | D:9      | Killed a death yak
  8511 | D:9      | Received a gift from Trog
  8553 | D:10     | Noticed a death yak
  8554 | D:10     | Noticed a death yak
  8567 | D:9      | Killed a death yak
  8567 | D:9      | Reached skill level 10 in Fighting
  8575 | D:9      | Killed a death yak
  8814 | D:10     | Killed a death yak
  8817 | D:10     | Killed a death yak
  8817 | D:10     | Reached skill level 10 in Armour
  9102 | D:10     | Found a staircase to the Orcish Mines.
  9356 | D:10     | Noticed a two-headed ogre
  9363 | D:10     | Killed a two-headed ogre
  9363 | D:10     | Reached skill level 12 in Axes
  9713 | D:10     | Found a runed gate.
  9713 | D:10     | Found a runed gate.
  9714 | D:10     | Found a runed gate.
  9717 | D:10     | Noticed xDrFeelgood's ghost (journeyman FoFi)
  9718 | D:10     | Found a roughly hewn altar of Beogh.
  9747 | D:10     | Killed xDrFeelgood's ghost
  9817 | D:10     | Got a shimmering plate armour
  9828 | D:10     | Identified the +6 plate armour of Forking Paths {+Blink
                  | rPois Int+4} (You took it off an orc warrior on level 10 of
                  | the Dungeon)
  9990 | D:11     | Noticed a white ugly thing
  9998 | D:11     | Killed a white ugly thing
 10060 | D:11     | Reached XP level 12. HP: 79/79 MP: 12/12
 10744 | Lair:1   | Entered Level 1 of the Lair of Beasts
 11080 | Lair:1   | Noticed a seven-headed hydra
 11092 | Lair:1   | Killed a 15-headed hydra
 11129 | Lair:1   | Reached skill level 13 in Axes
 11205 | Lair:1   | Noticed Nergalle
 11218 | Lair:1   | Killed Nergalle
 11437 | Lair:2   | Noticed a seven-headed hydra
 11449 | Lair:2   | Killed a 12-headed hydra
 11601 | Lair:2   | Noticed a five-headed hydra
 11603 | Lair:2   | Found a staircase to the Swamp.
 11607 | Lair:2   | Killed a seven-headed hydra
 11684 | Lair:2   | Noticed Gastronok
 11713 | Lair:2   | Killed Gastronok
 11713 | Lair:2   | Reached XP level 13. HP: 84/86 MP: 13/13
 12536 | Lair:3   | Received a gift from Trog
 12536 | Lair:3   | Reached skill level 14 in Axes
 12539 | Lair:3   | Got a crude battleaxe {god gift}
 12540 | Lair:3   | Identified the +2 battleaxe of Moral Flaws {venom, rPois
                  | rC+ Int-5 SInv} (Trog gifted it to you on level 3 of the
                  | Lair of Beasts)
 13525 | Lair:4   | Found a transporter.
 13551 | Lair:4   | Noticed Nuggoin's ghost (journeyman HaSk)
 13706 | Lair:4   | Found a transporter.
 13765 | Lair:4   | Killed Nuggoin's ghost
 13810 | Lair:4   | Got a warped brass ring
 13815 | Lair:4   | Identified the ring of Tenaqer {rF- rC+ MR+ AC+2} (You
                  | found it on level 4 of the Lair of Beasts)
 14489 | Lair:4   | Found a staircase to the Snake Pit.
 14936 | Lair:5   | Found a staircase to the Slime Pits.
 15051 | Lair:5   | Reached skill level 15 in Axes
 15491 | Lair:6   | Entered Level 6 of the Lair of Beasts
 15519 | Lair:6   | Found a bloodstained altar of Trog.
 15520 | Lair:6   | Found a labyrinth entrance.
 15524 | Lab      | Entered a labyrinth
 15767 | Lab      | Noticed a minotaur
 15784 | Lab      | Killed a minotaur
 15784 | Lab      | Gained mutation: Your large and strong wings let you fly
                  | indefinitely. [Gargoyle growth]
 15784 | Lab      | Reached XP level 14. HP: 89/94 MP: 14/14
 17369 | Lair:6   | Found a runed door.
 17535 | Lair:6   | Received a gift from Trog
 18026 | Orc:1    | Entered Level 1 of the Orcish Mines
 18086 | Orc:1    | Found a dark tunnel.
 18099 | Volcano  | Entered a volcano
 18517 | Volcano  | Found a burning altar of Makhleb.
 19118 | Volcano  | Reached skill level 16 in Axes
 19435 | Orc:2    | Entered Level 2 of the Orcish Mines
 19486 | Orc:2    | Received a gift from Trog
 19584 | Orc:1    | Received a gift from Trog
 19961 | Orc:2    | Noticed an orc warlord
 19965 | Orc:2    | Found a roughly hewn altar of Beogh.
 19973 | Orc:2    | Killed an orc warlord
 19997 | Orc:2    | Found Moalleug's General Store.
 20015 | Orc:2    | Bought a scroll of summoning for 142 gold pieces
 20015 | Orc:2    | Bought a scroll of magic mapping for 52 gold pieces
 20273 | Orc:2    | Found Tonah's Weapon Boutique.
 20302 | Orc:2    | Reached XP level 15. HP: 44/100 MP: 15/15
 20683 | Orc:2    | Paralysed by an orc sorcerer for 5 turns
 21054 | Orc:2    | Received a gift from Trog
 21121 | Orc:2    | Found Peikios's Weapon Emporium.
 21263 | Orc:2    | Found a roughly hewn altar of Beogh.
 21384 | Orc:2    | Found Omontush's Distillery.
 21755 | Orc:2    | Found a staircase to the Elven Halls.
 22364 | D:12     | Noticed Fannar
 22379 | D:12     | Killed Fannar
 22593 | D:12     | Reached ****** piety under Trog
 23498 | D:13     | Lost intelligence.
 23641 | D:13     | Reached skill level 17 in Axes
 24068 | D:13     | Received a gift from Trog
 24453 | D:14     | Noticed Azrael
 24470 | D:14     | Killed Azrael
 24470 | D:14     | Reached skill level 15 in Fighting
 25065 | D:14     | Found a gate to the Vaults.
 25312 | D:15     | Entered Level 15 of the Dungeon
 25339 | D:15     | Reached skill level 15 in Armour
 25360 | D:15     | Reached XP level 16. HP: 99/108 MP: 16/16
 25610 | D:15     | Found a staircase to the Depths.
 25998 | Swamp:1  | Entered Level 1 of the Swamp
 26047 | Swamp:1  | Received a gift from Trog
 27006 | Swamp:2  | Noticed a thorn hunter
 27018 | Swamp:2  | Killed a thorn hunter
 27018 | Swamp:2  | Reached skill level 18 in Axes
 27171 | Swamp:2  | Received a gift from Trog
 28582 | Swamp:3  | Found a runed door.
 28585 | Swamp:3  | Noticed Vasic's ghost (adept MiBe)
 28995 | Swamp:3  | HP: 2/165 [tyrant leech[a spriggan druid] (12)]
 28998 | Swamp:3  | Killed Vasic's ghost
 29005 | Swamp:3  | Identified the +8 trident "Aden" {freeze, rPois}
 29005 | Swamp:3  | Mangled by a spriggan rider

Skill      XL: |  1  2  3  4  5  6  7  8  9 10 11 12 13 14 15 16 |
---------------+-------------------------------------------------+-----
Axes           | 3 4 5 6 7 9 11 12 13 15 16 17 18 | 18.5
Armour         | 3 4 5 6 7 9 10 11 12 14 15 | 15.9
Fighting       | 4 5 6 8 9 10 12 13 14 15 16 | 16.0
Dodging        | |  1.5

Action                   |  1- 3 |  4- 6 |  7- 9 | 10-12 | 13-15 | 16-18 || total
-------------------------+-------+-------+-------+-------+-------+-------++-------
Melee: Hand axe          |   132 |   223 |   273 |       |       |       ||   628
       War axe           |       |       |   152 |   393 |    54 |       ||   599
       Battleaxe         |       |       |       |       |  1361 |   341 ||  1702
       Executioner's axe |       |       |       |       |       |   149 ||   149
Invok: Berserk           |     2 |     1 |     2 |     8 |    12 |     4 ||    29
       Brothers in Arms  |       |       |       |     1 |     3 |     2 ||     6
       Trog's Hand       |       |       |       |       |     1 |       ||     1
 Abil: Fly               |       |       |       |       |     1 |       ||     1
  Use: Scroll            |     2 |     6 |    10 |     5 |    13 |     3 ||    39
       Potion            |       |       |     2 |       |     5 |     1 ||     8
 Stab: Distracted        |       |       |     1 |       |       |       ||     1
       Confused          |       |       |       |       |       |     1 ||     1
  Eat: Chunk             |     1 |     5 |    14 |    17 |    43 |    11 ||    91
       Ration            |       |     1 |       |     2 |     6 |     2 ||    11
Armor: Chain mail        |    66 |   153 |   304 |    82 |       |       ||   605
       Animal skin       |     2 |       |       |       |       |       ||     2
       Plate armour      |       |       |       |   215 |  1406 |   583 ||  2204
       Skin              |       |       |       |       |    15 |       ||    15
Dodge: Dodged            |    59 |    99 |   196 |   183 |   636 |   233 ||  1406
